[Event "76th Montenegro Championship 2024"]
[Site "Podgorica"]
[Date "2024.02.14"]
[Round "10.18"]
[White "Petrovic, Slavko"]
[Black "Loncar, Milenko"]
[Result "0-1"]
[ECO "A45"]
[WhiteElo "1836"]
[BlackElo "2026"]
[Annotator "NA RC"]
[PlyCount "64"]
[EventDate "2024.02.06"]
[EventType "swiss"]
[EventCountry "MNE"]
[SourceTitle "playchess.com"]
[Source "ChessBase"]
[SourceQuality "1"]
[TimeControl "40/5400+30:1800+30"]

1. d4 d6 2. e3 Nf6 3. Bd3 g6 4. f4 Bg7 5. Nf3 c5 6. c3 Bd7 7. O-O Bc6 8. Qe2 Nbd7 9. Nbd2 a6 10. Ng5 b5 11. f5 h6 12. Ngf3 gxf5 13. Bxf5 Qb6 14. Kh1 e6 15. Bc2 O-O-O 16. a4 Rhg8 17. axb5 axb5 18. Ne1 Bh8 19. Ndf3 Rg4 20. e4 Nxe4 21. Be3 Rdg8 22. dxc5 dxc5 23. Rc1 Be5 24. Bxe4 Bxe4 25. Rf2 Qc7 26. Nxe5 Qxe5 27. Nf3 Qb8 28. Rd1 Qb7 29. Qd2 Ne5 30. Ne1 Nd3 31. Nf3 Nxf2+ 32. Qxf2 Rxg2 0-1

[Event "76th Montenegro Championship 2024"]
[Site "Podgorica"]
[Date "2024.02.15"]
[Round "11.1"]
[White "Drasko, Milan"]
[Black "Petrov, Nikita"]
[Result "0-1"]
[ECO "D02"]
[WhiteElo "2339"]
[BlackElo "2563"]
[Annotator "RC"]
[PlyCount "152"]
[EventDate "2024.02.06"]
[EventType "swiss"]
[EventCountry "MNE"]
[SourceTitle "playchess.com"]
[Source "ChessBase"]
[SourceQuality "1"]
[TimeControl "40/5400+30:1800+30"]

1. Nf3 d5 2. g3 c6 3. Bg2 Bg4 4. O-O e6 5. d4 Nf6 6. Nbd2 Nbd7 7. Re1 Be7 8. e4 h6 9. c3 O-O 10. Qb3 Qc7 11. exd5 cxd5 12. Nf1 Rfc8 13. Bf4 Qd8 14. Qxb7 a5 15. Qb5 a4 16. Qd3 a3 17. b3 Bf5 18. Qe3 Ne4 19. c4 g5 20. Be5 f6 21. g4 Bxg4 22. Bg3 f5 23. Be5 Bxf3 24. Qxf3 g4 25. Qe2 Nxe5 26. dxe5 Bb4 27. Red1 Nc3 28. Qd2 f4 29. cxd5 Qg5 30. dxe6 f3 31. Qxg5+ hxg5 32. Rd7 Ne2+ 33. Kh1 Bc3 34. Rad1 Nf4 35. Ne3 fxg2+ 36. Kg1 Bxe5 37. Nxg4 Bg7 38. e7 Re8 39. Rd8 Ne6 40. Rxa8 Rxa8 41. Kxg2 Kf7 42. Rd7 Re8 43. Ra7 Bb2 44. Nh6+ Kg6 45. Ng4 Nf4+ 46. Kf3 Nd5 47. Ra6+ Kf7 48. Ra5 Nb4 49. Ne3 Nxa2 50. Nc4 Rb8 51. Ra7 Rxb3+ 52. Kg2 Rd3 53. Rb7 Bf6 54. Ra7 Nb4 55. e8=Q+ Kxe8 56. Rxa3 Rd4 57. Ne3 Nd3 58. h3 Kf7 59. Nf5 Rd7 60. h4 gxh4 61. Ra4 h3+ 62. Kxh3 Nxf2+ 63. Kg2 Nd3 64. Ra6 Nc5 65. Rc6 Ne4 66. Kf3 Nd2+ 67. Kf4 Rd3 68. Rd6 Bg5+ 69. Kg4 Ra3 70. Nh6+ Kf8 71. Nf5 Nf3 72. Rd5 Bf6 73. Kf4 Ng5 74. Nd6 Ke7 75. Nf5+ Kf7 76. Nd6+ Ke6 0-1

[Event "76th Montenegro Championship 2024"]
[Site "Podgorica"]
[Date "2024.02.15"]
[Round "11.2"]
[White "Djukic, Nikola"]
[Black "Ivanovic, Bozidar"]
[Result "1-0"]
[ECO "C42"]
[WhiteElo "2529"]
[BlackElo "2403"]
[Annotator "RC"]
[PlyCount "159"]
[EventDate "2024.02.06"]
[EventType "swiss"]
[EventCountry "MNE"]
[SourceTitle "playchess.com"]
[Source "ChessBase"]
[SourceQuality "1"]
[TimeControl "40/5400+30:1800+30"]

1. e4 e5 2. Nf3 Nf6 3. Nxe5 d6 4. Nf3 Nxe4 5. d4 d5 6. Bd3 Nc6 7. O-O Be7 8. Nbd2 Nxd2 9. Bxd2 O-O 10. c3 Bg4 11. h3 Be6 12. Qc2 g6 13. Rae1 Qd7 14. Re2 Bf6 15. Rfe1 Bg7 16. Ng5 Rae8 17. Nxe6 Rxe6 18. Rxe6 fxe6 19. f4 Qd6 20. Bc1 Nd8 21. h4 Bh6 22. g3 Rf7 23. Qe2 Bg7 24. Kg2 Bf6 25. h5 Rg7 26. Qg4 Kf7 27. Rh1 Nc6 28. hxg6+ hxg6 29. Rh8 Ne7 30. Qh3 Rg8 31. Rh7+ Rg7 32. g4 Qd8 33. Be3 Rxh7 34. Qxh7+ Bg7 35. Bf2 Qh8 36. Qxh8 Bxh8 37. Bg3 Bf6 38. Kf3 c6 39. Bf2 a6 40. Be3 Ke8 41. Ke2 Kf7 42. Kd2 Ng8 43. Be2 Be7 44. Kd3 Bd6 45. b3 Ne7 46. c4 Ke8 47. Bd2 Kf7 48. Bf3 Ke8 49. Ke3 Kd7 50. Be1 dxc4 51. bxc4 b5 52. Be2 bxc4 53. Bxc4 Nd5+ 54. Ke4 Nxf4 55. Bxa6 Nd5 56. a4 g5 57. Bd2 Nf4 58. Bc4 Kc7 59. Ba5+ Kc8 60. Bb6 Nd5 61. Ba5 Bf4 62. Be1 Kb7 63. a5 Nc7 64. Bb4 Nd5 65. a6+ Ka8 66. Bc5 Nc7 67. Kd3 Nd5 68. Ke4 Nc3+ 69. Kf3 Nd5 70. Be2 Bb8 71. Bd1 Ba7 72. Ba4 Bxc5 73. Bxc6+ Ka7 74. dxc5 Nb4 75. Bb7 Nc2 76. Ke4 Nb4 77. Ke5 Nd3+ 78. Kd6 Nb2 79. Kxe6 Kb8 80. Kf5 1-0

[Event "76th Montenegro Championship 2024"]
[Site "Podgorica"]
[Date "2024.02.15"]
[Round "11.3"]
[White "Kalezic, Blazo"]
[Black "Kadric, Denis"]
[Result "1/2-1/2"]
[ECO "B31"]
[WhiteElo "2407"]
[BlackElo "2584"]
[Annotator "TA"]
[PlyCount "26"]
[EventDate "2024.02.06"]
[EventType "swiss"]
[EventCountry "MNE"]
[SourceTitle "playchess.com"]
[Source "ChessBase"]
[SourceQuality "1"]
[TimeControl "40/5400+30:1800+30"]

1. e4 c5 2. Nf3 Nc6 3. Bb5 g6 4. O-O Bg7 5. c3 e5 6. d4 cxd4 7. cxd4 exd4 8. Bf4 Nge7 9. Bd6 O-O 10. Re1 {[%emt 0:02:23][%mdl 1024] White has compensation.} a6 11. Bc4 {[%emt 0:01:36] White is much more active.} b5 12. Bd5 Bb7 13. Nbd2 h6 {[%emt 0:01:31] Black took control after the opening.   Weighted Error Value: White=0.12 (very precise) /Black=0.18 (very precise) .  Inaccurate:     	White=1     	---        OK:         	White=1     	Black=1} 1/2-1/2

[Event "76th Montenegro Championship 2024"]
[Site "Podgorica"]
[Date "2024.02.15"]
[Round "11.4"]
[White "Draskovic, Luka"]
[Black "Vukcevic, Nemanja"]
[Result "1/2-1/2"]
[ECO "B51"]
[WhiteElo "2481"]
[BlackElo "2275"]
[Annotator "TA"]
[PlyCount "34"]
[EventDate "2024.02.06"]
[EventType "swiss"]
[EventCountry "MNE"]
[SourceTitle "playchess.com"]
[Source "ChessBase"]
[SourceQuality "1"]
[TimeControl "40/5400+30:1800+30"]

1. e4 c5 2. Nf3 d6 3. Bb5+ Nd7 4. a4 Ngf6 5. Nc3 g6 6. a5 Bg7 7. O-O a6 8. Be2 {[%emt 0:00:00] White is slightly better.} O-O 9. d3 b5 10. axb6 a5 11. Qd2 Bb7 12. Qg5 Qxb6 13. Qh4 Bc6 14. Ra2 Rfb8 15. Bh6 Nf8 16. Bxg7 Kxg7 17. Rfa1 (17. Nd2 $14) 17... Qc7 {[%emt 0:06:33] Weighted Error Value: White=0.11 (very precise) /Black=0.09 (flawless) .  Mistake:       	White=1     	---        Inaccurate:     	White=1     	Black=3      OK:         	White=5     	Black=3      Best:        	White=1     	---} 1/2-1/2

[Event "76th Montenegro Championship 2024"]
[Site "Podgorica"]
[Date "2024.02.15"]
[Round "11.5"]
[White "Smirnov, Artem"]
[Black "Vujosevic, Vladimir"]
[Result "1-0"]
[ECO "E41"]
[WhiteElo "2406"]
[BlackElo "2335"]
[Annotator "TA"]
[PlyCount "69"]
[EventDate "2024.02.06"]
[EventType "swiss"]
[EventCountry "MNE"]
[SourceTitle "playchess.com"]
[Source "ChessBase"]
[SourceQuality "1"]
[TimeControl "40/5400+30:1800+30"]

1. d4 Nf6 2. c4 e6 3. Nc3 Bb4 4. e3 c5 5. Bd3 Nc6 6. Nf3 Bxc3+ 7. bxc3 d6 8. e4 e5 9. d5 Ne7 10. Nh4 h6 11. h3 Qa5 12. Qb3 g5 {[%emt 0:03:17] White is slightly better.} 13. Nf3 Qc7 14. g3 (14. Rb1 $16) 14... Nh5 (14... Bd7 $1 $11) 15. Qc2 ({White should try} 15. Nd2 $16) 15... Bd7 $1 $11 16. Nd2 Ng7 17. Nf1 f5 (17... O-O-O $11) 18. h4 fxe4 19. Bxe4 g4 20. Bg6+ Kd8 21. Ne3 (21. Bd3 $14) 21... h5 (21... Qa5 $11 {keeps the balance.} 22. Be4 Kc7) 22. Be4 Kc8 23. O-O {[%emt 0:00:25] And now f4 would win.} Rf8 24. f3 Qd8 (24... gxf3 $14 25. Bxf3 (25. Rxf3 Rxf3 26. Bxf3 Nef5 $16) 25... Qd8) 25. fxg4 $16 hxg4 26. Bb2 (26. Rxf8 $16 Qxf8 27. Bd2) 26... Kc7 ({Black should play} 26... Nh5 $14 27. Rxf8 Qxf8) 27. Rxf8 Qxf8 28. Rf1 Qe8 29. Qf2 {[%emt 0:00:40] White is much more active.} ({Better is} 29. Bc1 $16) 29... Nh5 $14 30. Bc1 (30. Ba3 $5) 30... Qh8 {[%emt 0:00:57] [#]} (30... Ng8 $1 $14) 31. Ng2 $1 $36 {[%emt 0:02:07][%mdl 2048] Strongly threatening Bg5. Keeping Black busy.} Rg8 32. Bg5 {[%emt 0:00:04] White is clearly better.} Ng6 33. Qe1 Qg7 34. Ne3 Ne7 (34... Nf8 $16 35. Nf5 Bxf5 36. Bxf5 (36. Rxf5 Nd7 $18) 36... Nh7) 35. Qf2 {[%emt 0:00:41] Weighted Error Value: White=0.21 (precise) /Black=0.34.  Mistake:       	White=5     	Black=7      Inaccurate:     	White=1     	Black=1      OK:         	White=6     	Black=7      Best:        	White=4     	Black=1      Strong:       	---       	Black=1} 1-0

[Event "76th Montenegro Championship 2024"]
[Site "Podgorica"]
[Date "2024.02.15"]
[Round "11.6"]
[White "Nikcevic, Nebojsa"]
[Black "Milovic, Jovan"]
[Result "1/2-1/2"]
[ECO "B06"]
[WhiteElo "2338"]
[BlackElo "2223"]
[Annotator "TA"]
[PlyCount "110"]
[EventDate "2024.02.06"]
[EventType "swiss"]
[EventCountry "MNE"]
[SourceTitle "playchess.com"]
[Source "ChessBase"]
[SourceQuality "1"]
[TimeControl "40/5400+30:1800+30"]

1. d4 g6 2. e4 Bg7 3. Nc3 d5 4. e5 c5 5. dxc5 d4 6. Nb5 {[%emt 0:00:47] B06: Modern Defence.} Bxe5 7. Nf3 Bg4 8. Nbxd4 $146 ({Predecessor:} 8. Bc4 Nc6 9. c3 dxc3 10. Qb3 Na5 11. Bxf7+ Kf8 12. Nxe5 Nxb3 13. Bxb3 cxb2 14. Bxb2 {0-1 Baci,V (2206)-Vozovic,O (2356) Pardubice op-A 2006 (3)}) 8... Qa5+ 9. c3 Qxc5 10. Be3 Qc8 11. Bb5+ Kf8 12. Qb3 Bxd4 13. Nxd4 (13. Bxd4 $6 Bxf3 14. Bxh8 (14. gxf3 Nf6 $16) 14... Bxg2 $16) 13... e5 (13... Nc6 $16 14. Nxc6 bxc6) 14. Nf3 (14. f3 $18 Bd7 15. Bxd7 Nxd7 16. Nb5) 14... Bxf3 $16 15. gxf3 Kg7 16. O-O-O Nc6 17. Bxc6 bxc6 18. Rd6 Ne7 19. Qc4 Re8 20. Bg5 Qh3 21. Qg4 Qxg4 22. fxg4 Rac8 23. Rd7 (23. Bf6+ $6 Kf8 $11) 23... Nd5 24. Rxa7 Ra8 25. Rxa8 Rxa8 26. Kb1 Ra4 27. h3 f5 28. gxf5 gxf5 29. Bd2 Re4 (29... c5 $16 30. b3 Ra6 31. Rg1+ Kf7) 30. Re1 $18 Rxe1+ 31. Bxe1 Nf4 (31... Kf7 $142 32. Bd2 Ke6) 32. a4 $18 Nxh3 33. a5 Nf4 34. c4 (34. a6 Ne6 $14) 34... Ne6 35. Bc3 (35. a6 Nc7 $18) 35... Kf6 36. f4 (36. a6 Nc7 $18) 36... Ke7 (36... Nxf4 $2 37. a6 $18) 37. Bxe5 $2 (37. fxe5 $18 {Hoping for a6.} Nc7 38. Kc2) 37... Kd7 $1 $11 38. Kc2 c5 39. Kd3 (39. a6 {keeps more tension.} Kc6 40. a7 Kb7 41. Bb8) 39... Kc6 40. Ke3 Kb7 41. Bc3 h5 42. Kf3 Nd4+ 43. Kg2 ({Avoid the trap} 43. Bxd4 $2 cxd4 44. Ke2 h4 $19) (43. Kg3 $5 Ne2+ $8 44. Kh4 (44. Kf3 Nxc3 45. bxc3 Ka6 $11) 44... Nxf4 45. Kg5 Ne6+ 46. Kxh5 $14 (46. Kxf5 Nd4+ 47. Kg5 Ka6 $11)) 43... Ne2 44. Bd2 Ka6 45. Kh3 (45. Kf2 $5 Nd4 $8 46. Kg3 $11) 45... Nd4 46. b4 (46. Kg3 $5) 46... cxb4 47. Bxb4 Nc2 $2 (47... Ne2 $11) 48. Bd2 $18 Na3 49. c5 Nc4 50. Be1 Nb2 (50... Kb5 $18 51. Kh4 Kxc5 52. Kxh5 Nd6) 51. c6 Nd3 52. Bd2 Nc5 53. Kh4 (53. Bc3 $142 Nd3 54. Be5 Nb4 55. c7 Kb7 56. Kh4 Nd5 57. a6+ (57. Kxh5 Ne7 58. Kg5 Ka6 59. Kf6 Nd5+ 60. Kxf5 Kxa5 61. Ke6 Nb6) 57... Kc8 58. Kxh5) 53... Ne6 $18 54. Kxh5 Kb5 55. Kg6 Kxc6 1/2-1/2

[Event "76th Montenegro Championship 2024"]
[Site "Podgorica"]
[Date "2024.02.15"]
[Round "11.7"]
[White "Djurovic, Peko"]
[Black "Scekic, Veljko"]
[Result "1/2-1/2"]
[ECO "B45"]
[WhiteElo "2332"]
[BlackElo "2206"]
[Annotator "TA"]
[PlyCount "145"]
[EventDate "2024.02.06"]
[EventType "swiss"]
[EventCountry "MNE"]
[SourceTitle "playchess.com"]
[Source "ChessBase"]
[SourceQuality "1"]
[TimeControl "40/5400+30:1800+30"]

1. e4 c5 2. Nf3 e6 3. d4 cxd4 4. Nxd4 Nf6 5. Nc3 Nc6 6. Nxc6 dxc6 7. Qxd8+ Kxd8 8. Bf4 Bb4 9. O-O-O+ Ke8 10. f3 b6 11. Bc4 {[%emt 0:18:02] White is slightly better.} Bb7 12. Rd3 Rd8 13. Rhd1 (13. a3 {simplifies} Be7 14. Rhd1 Rxd3 15. cxd3 b5 16. Ba2) 13... Ke7 (13... Rxd3 {simplifies} 14. Bxd3 h5 15. Be2 Nd7) 14. a3 Bxc3 15. Rxc3 Rxd1+ 16. Kxd1 Rd8+ 17. Ke2 Nd7 18. b4 e5 19. Be3 Nf8 20. a4 Ne6 21. Bxe6 Kxe6 $14 {[%emt 0:00:25][%mdl 4096] Endgame. KRB-KRB} 22. a5 Rb8 23. Kf2 Ba8 24. a6 Rc8 25. Rb3 c5 26. bxc5 bxc5 27. Rb5 Kd6 28. c4 f6 29. g4 g6 30. Ke2 Rc7 31. h4 h5 (31... Bc6 $142) 32. gxh5 gxh5 33. Kf2 (33. Kd3 $16) 33... Rc8 34. Ke2 Rc7 $1 35. Kd3 Rc8 36. Kc3 Rc7 37. Bh6 (37. Rb2 $16) 37... Rc8 $1 38. Be3 (38. Rb2 $14) 38... Rc7 $1 $16 39. Rb8 {[%emt 0:00:51] Prevents Rc8.} Bc6 40. Rf8 Ke6 41. Bxc5 {[%emt 0:05:17] Strongly threatening Kb4. White is more active.} Ba4 (41... Bd7 $16 42. Kb4 Bc8) 42. Kb4 $18 {[%emt 0:10:28] Hoping for Bb6.} Bd1 43. Rb8 Bxf3 {[%emt 0:00:29] [#]} (43... Kd7 $142) 44. Rb7 $2 ({White must play} 44. Bxa7 $1 $18 {Threatens to win with Bb6.} Bxe4 (44... Rxa7 $2 45. Rb6+ Kd7 46. Rxf6 $18) 45. Bb6) 44... Kd7 $14 {[%emt 0:00:30] [#]} 45. Bb6 $1 axb6 {[%emt 0:00:58] KRB-KR} 46. a7 Bxe4 (46... Rxb7 $14 47. a8=Q (47. a8=B $2 Ra7 $19) 47... Rc7) 47. a8=Q $16 Bxb7 {[%emt 0:00:20] KQ-KRB} (47... Rxb7 $16 48. Qh8 Ke6) 48. Qh8 $18 Ba6 49. Qxf6 ({Better is} 49. Qg7+ $18 Kc8 50. Qxf6) 49... Rxc4+ $16 50. Kb3 Rc5 51. Qf7+ (51. Qxb6 Rb5+) 51... Kc6 (51... Kd6 $16 {was worth a try.} 52. Qxh5 Bc4+ 53. Ka3 e4 54. Qh6+ Be6 55. Qf8+ Kd7) 52. Qg6+ (52. Qxh5 $18 {Black must now prevent Qe8+.} Rb5+ 53. Kc3 Rc5+ 54. Kd2) 52... Kb7 (52... Kd7 $16) 53. Qxh5 $18 {[%emt 0:00:10] aiming for Qf7+.} Bc4+ (53... Bd3 $142 54. Qf7+ Kc6 55. Qe6+ Kc7) 54. Kb4 Bd3 55. Qf7+ Kc8 56. h5 Bc2 57. h6 Kb8 58. Qd7 (58. h7 $142 Bxh7 59. Qxh7) 58... Ka8 $2 (58... Rc7 {might work better.} 59. Qd8+ Kb7 60. Qd5+ Ka7) 59. Ka3 Kb8 60. Kb2 {[%emt 0:00:05] Threatening mate with Qd6+.} Be4 61. Qd2 (61. h7 $142 Bxh7 62. Qxh7) 61... Kb7 (61... Rc2+ 62. Qxc2 Bxc2 63. Kxc2 Kc8 64. h7 Kd7 65. h8=Q (65. h8=R Ke6 $18) 65... e4 66. Qe5) 62. Qe2 (62. Qd6 $18) 62... Bh7 $16 {[%emt 0:00:45] White is better.} ({Stronger than} 62... Rc2+ 63. Qxc2 Bxc2 64. Kxc2 e4 65. h7 Kc6 66. h8=Q (66. h8=R Kd6 67. Rh6+ Kc5 68. Kc3 Kb5 69. Kd4 e3 70. Re6 e2 71. Rxe2 Kc6) 66... Kd6 67. Qd4+ Ke6 68. Qxe4+ (68. Qxb6+ Kd5 69. Kd2 Kc4 70. Ke3 Kd5 71. Qb5+ Ke6 72. Kxe4 Kf6 73. Qc6+ Kg5) 68... Kf6 69. Kd3) 63. Qh5 {[%emt 0:02:08][%mdl 1024] White has strong compensation.} e4 64. Qf7+ Rc7 65. Qd5+ Kb8 66. Kb3 Rc5 67. Qd8+ Kb7 68. Kb4 Rc7 69. Qe8 Rc5 70. Qe6 Rc7 71. Qd5+ Ka7 72. Qe5 Kb7 73. Qd5+ {[%emt 0:00:09] Weighted Error Value: White=0.26 (precise) /Black=0.31.  Missed win:     	White=1     	---        Mistake:       	White=9     	Black=9      Inaccurate:     	White=1     	Black=5      OK:         	White=21    	Black=12     Best:        	White=3     	Black=10     Strong:       	---       	Black=3      Brilliant:      	White=1     	---} (73. Qd6 $16) 1/2-1/2

[Event "76th Montenegro Championship 2024"]
[Site "Podgorica"]
[Date "2024.02.15"]
[Round "11.8"]
[White "Vujovic, Savo"]
[Black "Skvortsova, Alena"]
[Result "1-0"]
[ECO "D44"]
[WhiteElo "2137"]
[BlackElo "2111"]
[Annotator "NA RC"]
[PlyCount "73"]
[EventDate "2024.02.06"]
[EventType "swiss"]
[EventCountry "MNE"]
[SourceTitle "playchess.com"]
[Source "ChessBase"]
[SourceQuality "1"]
[TimeControl "40/5400+30:1800+30"]

1. d4 d5 2. c4 c6 3. Nf3 Nf6 4. Nc3 dxc4 5. a4 e6 6. e4 Bb4 7. Bg5 h6 8. Bxf6 Qxf6 9. e5 Qd8 10. Bxc4 O-O 11. O-O c5 12. d5 Bxc3 13. dxe6 Bxe6 14. Bxe6 fxe6 15. bxc3 Nc6 16. Qe2 Rf5 17. Rfd1 Qe7 18. Rd2 Raf8 19. Rad1 Rxf3 20. gxf3 Qg5+ 21. Kh1 Nxe5 22. Rg1 Qf5 23. Rg3 Nxf3 24. Rd7 g5 25. Qd3 Qxd3 26. Rxd3 Ne5 27. Rde3 Ng6 28. Rxe6 Kf7 29. Rd6 Re8 30. Re3 Ne5 31. Rxh6 Kg7 32. Rd6 b6 33. h4 g4 34. h5 Nf7 35. Rg6+ Kf8 36. Rxe8+ Kxe8 37. h6 1-0

[Event "76th Montenegro Championship 2024"]
[Site "Podgorica"]
[Date "2024.02.15"]
[Round "11.9"]
[White "Podlesnik, Bogdan"]
[Black "Tomic, Aleksandar"]
[Result "0-1"]
[ECO "B15"]
[WhiteElo "2284"]
[BlackElo "2398"]
[Annotator "TA"]
[PlyCount "118"]
[EventDate "2024.02.06"]
[EventType "swiss"]
[EventCountry "MNE"]
[SourceTitle "playchess.com"]
[Source "ChessBase"]
[SourceQuality "1"]
[TimeControl "40/5400+30:1800+30"]

1. e4 c6 2. d4 d5 3. Nc3 dxe4 4. Nxe4 Nf6 5. Nxf6+ exf6 6. Ne2 {[%emt 0:02:58] B15: Caro-Kann: 3 Nc3: 3...g6 and 3...dxe4 4 Nxe4 Nf6 5 Nxf6+ exf6.} Bd6 7. g3 O-O 8. Bg2 Re8 9. O-O Bg4 10. Re1 Nd7 11. h3 Bh5 12. c4 $146 ({Predecessor:} 12. Qd3 Bg6 13. Qb3 Qb6 14. Be3 Qxb3 15. cxb3 Be4 16. Nc3 Bxg2 17. Kxg2 a6 18. Kf3 {0-1 Ruzicka,J (2243)-Jurcik,M (2426) Pardubice Czech op-E 31st 2020 (3.3)}) 12... Nf8 13. g4 Bg6 14. d5 (14. Nc3 {simplifies} Rxe1+ 15. Qxe1 Qd7 16. Be3) 14... cxd5 15. cxd5 Qb6 16. Nc3 Nd7 17. Re2 Nc5 18. Be3 {[%emt 0:02:40] [#]} Rxe3 (18... Qd8 $1 $11) 19. Rxe3 $14 Qxb2 20. Qc1 Qxc1+ 21. Rxc1 Bf4 22. Rd1 (22. Nb5 $11 {remains equal.} Bxe3 23. fxe3) 22... Bxe3 $17 23. fxe3 Rd8 24. e4 Rc8 25. Kf2 Nd7 26. Nb5 ({Better is} 26. Ne2) 26... Rc2+ $17 27. Kg3 a6 (27... Rxa2 28. Rc1 h5 29. Rc8+ Kh7 30. gxh5 Bxh5 31. d6 $11) 28. Nd4 Rc3+ $1 (28... Rxa2 29. Rc1 $17) 29. Kf4 Ne5 (29... h6 $19 {Strongly threatening ...Bh7.} 30. Re1 Bh7) 30. Rd2 (30. Ne2 $1 $15 Rc8 31. d6) 30... Nd3+ $1 $19 31. Ke3 Ne1+ 32. Kf4 Nd3+ (32... Nxg2+ 33. Rxg2 h6 (33... Rxh3 34. Rc2 $11) 34. Rc2 Rxc2 (34... Rxh3 $2 {too greedy.} 35. d6 $18) 35. Nxc2 $11) 33. Ke3 $1 Nc5+ $1 34. Kf4 b6 $1 35. Rc2 Rd3 $1 36. Nb3 {[%emt 0:00:14] [#]} Rxd5 $1 37. h4 {[%emt 0:04:32] [#]} h6 (37... h5 $142 $1 38. exd5 Bxc2 39. Nxc5 bxc5) 38. h5 $17 Bh7 39. Nxc5 Rxc5 40. Rd2 g5+ 41. Ke3 Rc3+ 42. Rd3 Rc2 (42... Rxd3+ 43. Kxd3 Kf8 44. Kd4 $17) 43. Rd2 Rc1 44. Rd6 Re1+ 45. Kf2 Ra1 46. Rxb6 $2 (46. Rxf6 $17 Rxa2+ 47. Kg3) 46... Rxa2+ $19 47. Kg3 Kg7 48. Rb8 Ra4 49. Re8 a5 50. Bf3 Rb4 51. Kf2 a4 52. Ke3 Rb3+ 53. Ke2 a3 54. Ra8 Rb2+ 55. Ke3 a2 56. Kd3 $2 (56. Ra7 {was forced.}) 56... Bg8 $19 57. Ke3 $2 (57. Ra7) 57... f5 $19 58. exf5 f6 59. Kd4 Rb1 0-1

[Event "76th Montenegro Championship 2024"]
[Site "Podgorica"]
[Date "2024.02.15"]
[Round "11.10"]
[White "Draganic, Veljko"]
[Black "Zherebtsova, Alexandra"]
[Result "1/2-1/2"]
[ECO "C45"]
[WhiteElo "2323"]
[BlackElo "2270"]
[Annotator "TA"]
[PlyCount "180"]
[EventDate "2024.02.06"]
[EventType "swiss"]
[EventCountry "MNE"]
[SourceTitle "playchess.com"]
[Source "ChessBase"]
[SourceQuality "1"]
[TimeControl "40/5400+30:1800+30"]

1. e4 e5 2. Nf3 Nc6 3. d4 exd4 4. Nxd4 Qf6 5. Nf3 Qg6 6. Nc3 Bb4 7. Bd2 (7. Bd3 $14) 7... Bxc3 $11 8. Bxc3 Qxe4+ 9. Be2 Nf6 10. O-O O-O 11. Re1 {[%emt 0:04:27] Threatens to win with Bxf6.} d5 (11... Qf4 $11 {deserves consideration.}) 12. Bxf6 $14 gxf6 13. Bb5 Qb4 14. Bxc6 bxc6 15. Nd4 Bd7 16. Nb3 Rfe8 17. c3 Qd6 18. Qd4 Re7 19. h3 a5 (19... Kg7 $11) 20. Nc5 Rae8 (20... Re5 $14) 21. Rxe7 $16 Qxe7 22. a4 $1 $36 {[%emt 0:01:14][%mdl 2048] Keeping Black busy. White is more active.} Bf5 23. b4 Qe5 24. bxa5 Qxd4 25. cxd4 {[%emt 0:00:02][%mdl 4096] Endgame. KRB-KRN} Ra8 26. a6 Bc8 27. f3 Bxa6 28. Kf2 Kf8 29. Kg3 {[%emt 0:00:17][%mdl 1024] White has strong compensation.} Bc8 30. Kf4 Ke7 31. a5 Ba6 32. g4 h6 (32... Ra7 $16 33. Kg3 Kf8) 33. Re1+ $18 Kf8 34. Ra1 Ke7 $1 35. Kg3 Kf8 36. Kh4 Kg8 37. Re1 Bb5 {[%emt 0:00:47] [#]} 38. a6 Kf8 $2 (38... Bxa6 $11 39. Kh5 Kg7) 39. Ra1 $16 Ra7 40. Kg3 Ke7 41. Kf4 {[%emt 0:00:14] aiming for Kf5.} Kf8 42. Ra3 Bc4 43. Ke3 Kg7 44. h4 Kg6 45. Kf4 $1 Kg7 {[%emt 0:00:19] [#]} (45... Be2 {keeps fighting.} 46. Re3 (46. h5+ Kg7 $18) 46... Bb5 (46... Bxa6 $2 {is the wrong capture.} 47. Ra3 $18) 47. h5+ Kg7) 46. Ra1 ({Better is} 46. Kf5 $1 $18) 46... Bb5 {[%emt 0:00:20] [#]} (46... Kg6 $16 47. h5+ Kg7) 47. Kf5 $1 $18 Be2 48. Ra3 Bc4 49. f4 Bf1 50. g5 fxg5 51. fxg5 h5 52. Ke5 {[%emt 0:00:52][%cal Og5g6] Strongly threatening g6!} Bc4 53. Ra1 Bb5 54. Kf5 Be2 55. Ra3 $2 ({White should try} 55. Ra2 $18 Bc4 56. Ra1) 55... Bg4+ (55... Bf1 $1 $11 {and Black is okay.}) 56. Kf4 Be2 57. Ra2 Bc4 58. Ra1 Kg6 (58... Bb5 {was worth a try.} 59. Ra3 Kg8) 59. Nd7 $2 (59. Re1 $18) 59... Rxa6 $11 {[%emt 0:02:14] The position is equal.} 60. Rxa6 Bxa6 {[%emt 0:00:22] KB-KN} 61. Ke5 (61. Ne5+ Kg7 $16) 61... Be2 62. Nf6 Kg7 63. Ne8+ Kf8 64. Nxc7 Ke7 65. Na8 $1 Bg4 66. Nb6 Bh3 67. Na4 Be6 68. Nc5 {[%emt 0:01:45] Nxe6 would kill now.} Bc8 69. Nd3 Bd7 70. Nf2 Bc8 71. Nd3 Bd7 72. Nb4 Be8 73. Na2 (73. Nd3 $5 Bd7 $8 $11) 73... Bd7 74. Nc3 (74. Nb4 $5) 74... Bg4 75. Na4 Bd7 76. Nc5 Bc8 77. Kf4 f6 78. Nd3 Bd7 79. Nc1 Kf7 80. Nb3 Kg6 81. gxf6 Kxf6 82. Nc5 Bf5 83. Nb7 Bc8 84. Nc5 Bf5 85. Na6 Bd7 86. Nb4 Be8 87. Nd3 Bg6 88. Nb4 Be8 89. Na6 Bd7 90. Nc5 Bf5 {Black defended with fortune.   Weighted Error Value: White=0.32/Black=0.25 (precise) .  Loses game:     	---       	Black=1      Missed win:     	White=2     	---        Mistake:       	White=3     	Black=8      Inaccurate:     	White=5     	Black=2      OK:         	White=32    	Black=22     Best:        	White=4     	Black=5      Strong:       	White=3     	Black=1} 1/2-1/2

[Event "76th Montenegro Championship 2024"]
[Site "Podgorica"]
[Date "2024.02.15"]
[Round "11.11"]
[White "Popovic, Mateja"]
[Black "Nenezic, Danilo"]
[Result "0-1"]
[ECO "D31"]
[WhiteElo "1880"]
[BlackElo "2086"]
[Annotator "NA RC"]
[PlyCount "88"]
[EventDate "2024.02.06"]
[EventType "swiss"]
[EventCountry "MNE"]
[SourceTitle "playchess.com"]
[Source "ChessBase"]
[SourceQuality "1"]
[TimeControl "40/5400+30:1800+30"]

1. d4 d5 2. c4 e6 3. Nc3 Be7 4. Nf3 a6 5. a4 a5 6. Bf4 Nf6 7. e3 O-O 8. Bd3 Nc6 9. Nb5 Ne8 10. h4 h6 11. g4 dxc4 12. Bxc4 e5 13. Nxe5 Nxe5 14. Bxe5 Bxh4 15. Qc2 c6 16. Nc7 Nxc7 17. Bxc7 Qxc7 18. Rxh4 Qe7 19. Rxh6 Qb4+ 20. Kf1 Bf5 21. gxf5 gxh6 22. f6 Kh8 23. Ke2 b5 24. Ba2 bxa4 25. Rh1 Qb5+ 26. Bc4 Qg5 27. Qe4 Rfe8 28. Qf3 Rab8 29. b3 Rxb3 30. Bxb3 axb3 31. Qxc6 Re6 32. Qb7 Rxf6 33. Qxb3 Qg2 34. Rf1 Kg7 35. Qa4 Rf5 36. Qa1 Qf3+ 37. Kd2 Rb5 38. Qc3 Rf5 39. Ke1 h5 40. Qc8 Qg4 41. Qc6 h4 42. Rh1 h3 43. Qc7 Rxf2 44. Qe5+ Kg6 0-1